 Dungeon Crawl Stone Soup version 0.29.1-4-g47bece8355 (webtiles) character file.

Game seed: 4462615973875801173

60116 firemarshallily the Warrior (level 14, -1/135 HPs)
             Began as a Merfolk Gladiator on Nov 26, 2022.
             Was the Champion of Okawaru.
             Killed by divine providence
             ... invoked by Saint Roka
              (14 damage)
             ... in the Arena on Dec 3, 2022.
             The game lasted 01:10:19 (22382 turns).

firemarshallily the Warrior (Merfolk Gladiator)    Turns: 22382, Time: 01:10:20

Health: -1/135     AC: 33    Str: 18    XL:     14   Next: 98%
Magic:  28/34      EV:  5    Int: 18    God:    Okawaru [******]
Gold:   614        SH: 12    Dex: 19    Spells: 13/13 levels left

rFire   . . .      SeeInvis .   O - +10 demon trident of the Mouth {vamp, rC+ rCorr Int+8 Dex-3}
rCold   + . .      Faith    .   L - +3 buckler {AC+3}
rNeg    . . .      Spirit   .   q - +0 crystal plate armour
rPois   .          Reflect  .   l - +2 helmet
rElec   .          Harm     .   i - +0 cloak
rCorr   +          Rampage  .   s - +2 pair of gloves of the Old World {MP+9 Int+2}
Will    +....                   D - +2 pair of boots
Stlth   ..........              w - amulet of the acrobat
HPRegen 0.32/turn               T - ring of magical power
MPRegen 0.24/turn               Z - +6 ring of dexterity

@: heroic, hasted, studying 2 skills, duelling, very quick
A: (nimble swimmer 2), mertail
a: Renounce Religion, Heroism, Finesse, Duel


You were in the Arena.
You worshipped Okawaru.
Okawaru was exalted by your worship.
You visited 4 branches of the dungeon, and saw 21 of its levels.
You also visited: Sewer.

You collected 2270 gold pieces.
You spent 1656 gold pieces at shops.

Inventory:

Hand Weapons
 j - the +8 trident of Ifuhal {vorpal, *Noise rF+ rC+++ Dex+3}
   (Okawaru gifted it to you on level 5 of the Lair of Beasts)

   It inflicts extra damage upon your enemies.
   Dex:       It affects your dexterity (+3).
   rF:        It protects you from fire.
   rC:        It renders you almost immune to cold.
   *Noise:    It may make noises in combat.
 O - the +10 demon trident of the Mouth (weapon) {vamp, rC+ rCorr Int+8 Dex-3}
   (You acquired it on level 1 of the Lair of Beasts)

   It occasionally heals its wielder for a portion of the damage dealt when it
   wounds a living foe.
   Int:       It affects your intelligence (+8).
   Dex:       It affects your dexterity (-3).
   rC:        It protects you from cold.
   rCorr:     It protects you from acid and corrosion.
 Y - the +7 trident of Broken Luck {flame, Dex+5}
   (Okawaru gifted it to you on level 3 of the Lair of Beasts)

   It burns those it strikes, dealing additional fire damage.
   Dex:       It affects your dexterity (+5).
Missiles
 d - 6 throwing nets
 e - 10 javelins
 u - 14 boomerangs (quivered)
 G - 4 atropa-tipped darts
 H - 32 poisoned darts
 V - 3 curare-tipped darts
 W - 3 datura-tipped darts
Armour
 i - a +0 cloak (worn)
 l - a +2 helmet (worn)
 q - a +0 crystal plate armour (worn)
 s - the +2 pair of gloves of the Old World (worn) {MP+9 Int+2}
   (Okawaru gifted it to you on level 5 of the Lair of Beasts)

   Int:       It affects your intelligence (+2).
   MP:        It affects your magic capacity (+9).
 D - a +2 pair of boots (worn)
 L - a +3 buckler of protection (worn)
Jewellery
 v - a ring of resist corrosion
 w - an amulet of the acrobat (around neck)
 T - a ring of magical power (left hand)
 Z - a +6 ring of dexterity (right hand)
Wands
 b - a wand of paralysis (26)
 n - a wand of digging (8)
 y - a wand of acid (8)
 E - a wand of iceblast (12)
 F - a wand of mindburst (12)
 M - a wand of flame (33)
 P - a wand of polymorph (9)
Scrolls
 a - 4 scrolls of fear
 c - 10 scrolls of teleportation
 r - 3 scrolls of vulnerability
 t - 5 scrolls of poison
 B - 2 scrolls of silence
 K - 5 scrolls of magic mapping
 N - 2 scrolls of identify
 S - a scroll of torment
 X - a scroll of blinking
Potions
 f - 3 potions of invisibility
 g - 5 potions of brilliance
 h - 8 potions of curing
 k - 9 potions of ambrosia
 m - 3 potions of cancellation
 o - 4 potions of lignification
 p - 4 potions of haste
 x - 4 potions of might
 z - 5 potions of flight
 A - 3 potions of berserk rage
 J - 3 potions of attraction
 Q - 5 potions of mutation
 U - a potion of magic


   Skills:
 * Level 20.1(25.1) Fighting
 - Level 14.0(19.0) Polearms
 + Level 8.3(13.3) Throwing
 + Level 3.4(8.4) Armour
 - Level 4.3(9.3) Dodging
 + Level 12.5(17.5) Shields
 + Level 3.7 Invocations


You had 13 spell levels left.
You didn't know any spells.
Your spell library contained the following spells:

 Spells                   Type           Power      Damage    Failure   Level
 Foxfire                  Conj/Fire      0%         2x1d4     100%        1
 Conjure Flame            Conj/Fire      0%         6-21      100%        3
 Inner Flame              Hex/Fire       0%         N/A       100%        3
 Ozocubu's Armour         Ice            0%         N/A       100%        3
 Flame Wave               Conj/Fire      0%         2d4       100%        4
 Blade Hands              Tmut           0%         N/A       100%        5
 Freezing Cloud           Conj/Ice/Air   0%         6-21      100%        5
 Irradiate                Conj/Tmut      0%         3d11      100%        5
 Metabolic Englaciation   Hex/Ice        0%         N/A       100%        5
 Iron Shot                Conj/Erth      0%         9d1       100%        6
 Dragon Form              Tmut           0%         N/A       100%        7
 Polar Vortex             Ice            0%         N/A       100%        9
 Animate Armour           Summ/Erth      Unusable   N/A       N/A         4
 Simulacrum               Ice/Necr       Unusable   N/A       N/A         6

Dungeon Overview and Level Annotations

Branches:
Dungeon (13/15)            Temple (1/1) D:4            Lair (5/5) D:11
 Shoals (0/4) Lair:2        Snake (0/4) Lair:3        Slime (0/5) Lair:5
    Orc (2/2) D:9             Elf (0/3) Orc:2         Sewer (visited)
 Vaults: D:13-14

Altars:
Ashenzari
Cheibriados
Dithmenos
Elyvilon
Fedhas
Gozag
Hepliaklqana
Kikubaaqudgha
Makhleb
Nemelex Xobeh
Okawaru
Qazlal
Ru
Sif Muna
Trog
Uskayaw
Vehumet
Wu Jian
Xom
Zin
The Shining One

Shops:
D:4 [([*(   D:6 :   D:8 !   D:9 (

Portals:
Hell: Lair:5

Annotations:
D:10 exclusion: ice statue
Lair:5 exclusion: 4 oklob plants Arena Saint Roka


Innate Abilities, Weirdness & Mutations

((You are very nimble when in or above water. (Stealth+, EV+, Speed+++)))
Your lower body shifts to a powerful aquatic tail in water.


Message History

You block the orc warrior's attack.
You hear a shout!
Aiming: Duel (63% risk of failure)
Press: ? - help, Dir - move target, f/p - Saint Roka
Aim: Saint Roka, wielding a +2 vorpal great sword and wearing a +1 chain mail of fire resistance (moderately wounded, entangled in a net)
You enter into single combat with Saint Roka!
The world spins around you as you enter the gateway.
You enter Okawaru's Arena!
Reactivating autopickup.
The spectator shouts! x10
Found a gate leading back out of this place.
There is an empty arch of ancient stone here.
You hit Saint Roka.
Saint Roka is moderately wounded.
Saint Roka hits you with a +2 vorpal great sword!
* * * LOW HITPOINT WARNING * * *
x2 Unknown command.
You feel yourself speed up.
Saint Roka hits you with a +2 vorpal great sword!!
* * * LOW HITPOINT WARNING * * *
x2 You feel better.
You puncture Saint Roka!
Saint Roka is moderately wounded.
You block Saint Roka's attack.
You barely miss Saint Roka.
Saint Roka is moderately wounded.
You hit Saint Roka.
Saint Roka is moderately wounded.
You block Saint Roka's attack.
You hit Saint Roka but do no damage.
Saint Roka is moderately wounded.
You impale Saint Roka!!
Saint Roka is heavily wounded.
The spectator waves a pennant, rooting for your enemy!
You closely miss Saint Roka.
Saint Roka is heavily wounded.
Saint Roka mumbles some strange prayers to Beogh against you.
Beogh smites you!
You die...
Okawaru crowns Saint Roka victorious!

###########
#..p▓p▓p..# ##
▓▓▓▓▓▓▓▓▓ ##
#.▓ ....... ▓.#
#.▓.#.....#.▓.#
#p▓.........▓p#
#▓▓.........▓▓#
#p▓....@....▓p#
#▓▓.....o...▓▓#
#p▓.........▓p#
#.▓.#.....#.▓.#
#.▓ ....... ▓.#
## ▓▓▓▓▓▓▓▓▓ ##
#..p▓∩▓p..#
###########


You could see Saint Roka.

Vanquished Creatures
  7 hydras
  2 catoblepae
  2 centaur warriors
  6 death yaks (Lair:5)
  2 two-headed ogres
  An orc high priest (Orc:2)
  A sun demon (Lair:5)
  4 lindwurms (Lair:5)
  A wizard (Lair:5)
  2 orc knights
  2 ugly things (D:12)
  A manticore (D:11)
  2 orc sorcerers (Orc:2)
  5 elephants (Lair:2)
  2 cyclopes (D:12)
  3 black mambas
  A torpor snail (shapeshifter) (D:13)
  Maggie (D:7)
  Joseph (D:9)
  A smoke demon (Lair:5)
  4 torpor snails
  12 rime drakes
  A kobold demonologist (D:11)
  A gargoyle (D:10)
  16 cane toads
  7 komodo dragons
  2 ice devils (Lair:5)
  4 trolls
  A queen bee (D:9)
  6 polar bears
  3 red devils (Lair:5)
  A hornet (D:10)
  13 blink frogs
  6 wyverns
  47 yaks
  3 wraiths
  3 basilisks
  4 vampire mosquitoes (D:11)
  2 wargs
  5 nagas (Lair:3)
  4 steam dragons
  An acid dragon (D:12)
  Duvessa (D:7)
  9 water moccasins
  3 ice beasts
  4 hell hounds (Lair:5)
  6 black bears
  23 orc warriors
  4 ogres
  6 wolves (Lair:5)
  6 centaurs
  4 phantoms
  11 bullfrogs
  3 scorpions
  5 wights (D:8)
  Dowan (D:7)
  26 killer bees
  3 electric eels
  2 howler monkeys (D:8)
  2 jellies
  13 orc priests
  2 gnoll boudas
  4 hounds
  Ijyb (D:4)
  19 orc wizards
  4 iguanas
  A merfolk siren (Sewer)
  A hell rat (Lair:5)
  A merfolk avatar (Sewer)
  7 gnolls
  17 adders
  2 river rats (Sewer)
  A white imp (D:7)
  An ufetubus (D:5)
  3 worms
  41 orcs
  11 bats
  12 endoplasms
  5 giant cockroaches
  3 goblins
  5 hobgoblins
  7 jackals (D:1)
  5 kobolds
  5 quokkas
  15 ball pythons
  5 frilled lizards
  22 rats
525 creatures vanquished.

Vanquished Creatures (others)
  An ice devil (Lair:5)
  A troll (D:11)
  A water moccasin (D:11)
  An adder (D:6)
  An orc (Orc:2)
  16 fungi
  44 plants
  2 withered plants (D:3)
67 creatures vanquished.

Grand Total: 592 creatures vanquished

Notes
Turn   | Place    | Note
-------+----------+-------------------------------------------
     0 | D:1      | firemarshallily the Merfolk Gladiator began the quest for
                  | the Orb.
     0 | D:1      | Reached XP level 1. HP: 16/16 MP: 1/1
   115 | D:1      | Reached XP level 2. HP: 23/23 MP: 2/2
   372 | D:1      | Reached XP level 3. HP: 25/28 MP: 3/3
   690 | D:2      | Reached skill level 3 in Fighting
  1031 | D:2      | Reached skill level 5 in Polearms
  1376 | D:2      | Reached XP level 4. HP: 35/35 MP: 4/4
  1495 | D:2      | Found a sacrificial altar of Ru.
  1566 | D:2      | Found a faded altar of an unknown god.
  1632 | D:3      | Noticed a phantom
  1643 | D:3      | Killed a phantom
  1644 | D:3      | Reached skill level 4 in Fighting
  1644 | D:3      | Reached skill level 1 in Armour
  1644 | D:3      | Reached XP level 5. HP: 37/42 MP: 5/5
  1682 | D:3      | Found a glowing drain.
  1857 | Sewer    | Entered a sewer
  1998 | Sewer    | Reached XP level 6. HP: 35/49 MP: 6/6
  2511 | D:3      | Found an ancient bone altar of Kikubaaqudgha.
  2785 | D:3      | You fall into a shaft and drop 2 floors!
  2785 | D:5      | Entered Level 5 of the Dungeon
  2843 | D:5      | Reached skill level 5 in Fighting
  2846 | D:5      | Reached XP level 7. HP: 45/56 MP: 7/7
  3077 | D:4      | Found Podeh's Weapon Shoppe.
  3093 | D:4      | Found a burning altar of Makhleb.
  3095 | D:4      | Found a glowing golden altar of the Shining One.
  3272 | D:4      | Found Atoqe's General Store.
  3289 | D:4      | Bought a scroll of identify for 24 gold pieces
  3289 | D:4      | Bought 2 potions of attraction for 72 gold pieces
  3334 | D:4      | Found a staircase to the Ecumenical Temple.
  3335 | D:4      | Found Utoydikk's Antique Armour Shop.
  3343 | D:4      | Reached skill level 6 in Fighting
  3344 | D:4      | Noticed Ijyb
  3395 | Temple   | Entered the Ecumenical Temple
  3557 | D:4      | Bought a runed buckler for 180 gold pieces
  3587 | D:4      | Found Duipics's Antique Armour Shoppe.
  3620 | D:4      | Found Veahiph's Weapon Shop.
  3851 | D:4      | Found a radiant altar of Vehumet.
  4040 | D:4      | Killed Ijyb
  4076 | D:4      | Found a hazy altar of Hepliaklqana.
  4578 | D:5      | Found an ornate altar of the Wu Jian Council.
  4653 | D:5      | Reached skill level 1 in Shields
  4653 | D:5      | Reached XP level 8. HP: 65/65 MP: 8/8
  4666 | D:5      | Found a white marble altar of Elyvilon.
  5428 | D:6      | Reached skill level 7 in Fighting
  5541 | D:6      | Found Wuppur's Self-Improvement Boutique.
  6240 | D:6      | Reached XP level 9. HP: 74/74 MP: 9/9
  6411 | D:7      | Reached skill level 8 in Fighting
  6555 | D:7      | Noticed Maggie
  6578 | D:7      | Killed Maggie
  6579 | D:7      | Reached skill level 5 in Shields
  7051 | D:7      | Found an iron altar of Okawaru.
  7109 | D:7      | Reached skill level 9 in Fighting
  7305 | D:7      | Noticed a four-headed hydra
  7320 | D:7      | Killed a four-headed hydra
  7321 | D:7      | Reached skill level 10 in Fighting
  7321 | D:7      | Reached skill level 10 in Polearms
  7654 | D:7      | Noticed Dowan
  7655 | D:7      | Noticed Duvessa
  7676 | D:7      | Killed Duvessa
  7677 | D:7      | Reached XP level 10. HP: 86/86 MP: 10/10
  7688 | D:7      | Killed Dowan
  7971 | D:7      | Found a snail-covered altar of Cheibriados.
  8147 | D:7      | Became a worshipper of Warmaster Okawaru
  8648 | D:8      | Reached skill level 11 in Fighting
  8909 | D:8      | Found Jojeatotan's Distillery.
  8917 | D:8      | Bought 2 potions of curing for 60 gold pieces
  8917 | D:8      | Bought a potion of might for 40 gold pieces
  8917 | D:8      | Bought a potion of lignification for 30 gold pieces
  8917 | D:8      | Bought a potion of curing for 30 gold pieces
  8917 | D:8      | Bought a potion of haste for 100 gold pieces
  9104 | D:9      | Found a staircase to the Orcish Mines.
  9112 | D:9      | Reached * piety under Okawaru
  9128 | D:9      | Found Jadimito's Weapon Shoppe.
  9707 | D:9      | Noticed Joseph
  9722 | D:9      | Killed Joseph
  9722 | D:9      | Reached ** piety under Okawaru
  9919 | D:9      | Reached skill level 12 in Fighting
  9976 | D:9      | Reached *** piety under Okawaru
  9987 | D:9      | Reached XP level 11. HP: 85/96 MP: 11/11
 10538 | D:9      | Upgraded the game from 0.29.1-2-gbd0b4ee654 to
                  | 0.29.1-4-g47bece8355
 10554 | D:10     | Entered Level 10 of the Dungeon
 10567 | D:10     | Found a glowing silver altar of Zin.
 11106 | D:10     | Reached skill level 13 in Fighting
 11131 | D:10     | Noticed an angel
 11138 | D:10     | Found a shimmering altar of Xom.
 11851 | D:11     | Noticed a two-headed ogre
 11853 | D:11     | Noticed a seven-headed hydra
 11879 | D:11     | Killed a seven-headed hydra
 11899 | D:11     | Reached **** piety under Okawaru
 11902 | D:11     | Killed a two-headed ogre
 12232 | D:11     | Found a staircase to the Lair.
 12342 | D:11     | Noticed a manticore
 12342 | D:11     | Noticed a centaur warrior
 12364 | D:11     | Killed a centaur warrior
 12365 | D:11     | Reached skill level 14 in Fighting
 12372 | D:11     | Killed a manticore
 12372 | D:11     | Reached ***** piety under Okawaru
 12569 | D:11     | Received a gift from Okawaru
 12745 | D:11     | Reached XP level 12. HP: 99/108 MP: 12/12
 12928 | D:12     | Noticed a centaur warrior
 12944 | D:12     | Killed a centaur warrior
 13037 | D:12     | Reached skill level 15 in Fighting
 13493 | D:12     | Received a gift from Okawaru
 14002 | D:13     | Noticed a shock serpent
 14119 | D:13     | Noticed an eight-headed hydra
 14138 | D:13     | Killed an eight-headed hydra
 14432 | Lair:1   | Entered Level 1 of the Lair of Beasts
 14471 | Lair:1   | Reached skill level 16 in Fighting
 15064 | Lair:1   | Identified a scroll of acquirement
 15065 | Lair:1   | Acquired the +10 demon trident of the Mouth {vamp, rC+
                  | rCorr Int+8 Dex-3}
 15353 | Lair:2   | Reached ****** piety under Okawaru
 15356 | Lair:2   | Identified the +3 ring mail of the Everdark {rElec Str+3
                  | Dex-2 SInv} (Okawaru gifted it to you on level 2 of the
                  | Lair of Beasts)
 15356 | Lair:2   | Received a gift from Okawaru
 15558 | Lair:2   | Noticed a catoblepas
 15581 | Lair:2   | Killed a catoblepas
 15582 | Lair:2   | Reached skill level 17 in Fighting
 15743 | Lair:2   | Reached XP level 13. HP: 120/120 MP: 13/13
 15771 | Lair:2   | Identified the +4 ring mail of Koipsyez {Dex+5}
 15983 | Lair:2   | Found a staircase to the Shoals.
 16571 | Lair:3   | Found the +10 Black Knight's barding {ponderous, rPois rN+}
 16689 | Lair:3   | Found a staircase to the Snake Pit.
 16811 | Lair:3   | Reached skill level 5 in Throwing
 17058 | Lair:3   | Identified the +7 trident of Broken Luck {flame, Dex+5}
                  | (Okawaru gifted it to you on level 3 of the Lair of Beasts)
 17058 | Lair:3   | Received a gift from Okawaru
 17260 | Lair:3   | Reached skill level 18 in Fighting
 17702 | Lair:4   | Acquired a manual of Shields
 18282 | Lair:4   | Found the +4 skin of Zhor {*Englaciate rC+++ SInv}
 18344 | Lair:5   | Entered Level 5 of the Lair of Beasts
 18370 | Lair:5   | Reached skill level 10 in Shields
 18767 | Lair:5   | Reached XP level 14. HP: 129/131 MP: 14/14
 18909 | Lair:5   | Reached skill level 19 in Fighting
 18914 | Lair:5   | Identified the +8 trident of Ifuhal {vorpal, *Noise rF+
                  | rC+++ Dex+3} (Okawaru gifted it to you on level 5 of the
                  | Lair of Beasts)
 18914 | Lair:5   | Received a gift from Okawaru
 19601 | Lair:5   | Received a gift from Okawaru
 19604 | Lair:5   | Found a burning altar of Makhleb.
 19636 | Lair:5   | Reached skill level 1 in Invocations
 20215 | Lair:5   | Identified the +2 pair of gloves of the Old World {MP+9
                  | Int+2} (Okawaru gifted it to you on level 5 of the Lair of
                  | Beasts)
 20215 | Lair:5   | Received a gift from Okawaru
 20278 | Lair:5   | Found a gateway to Hell.
 21091 | Lair:5   | Identified the +10 executioner's axe of Ru, Witching
                  | {vorpal, *Rage rF+ Will++ Int+4}
 21166 | Lair:5   | Found a staircase to the Slime Pits.
 21497 | Orc:1    | Entered Level 1 of the Orcish Mines
 21808 | D:6      | Bought a manual of Armour for 1120 gold pieces
 22080 | Orc:2    | Entered Level 2 of the Orcish Mines
 22104 | Orc:2    | Reached skill level 20 in Fighting
 22212 | Orc:2    | Found a staircase to the Elven Halls.
 22355 | Orc:2    | Noticed Saint Roka
 22373 | Arena    | Entered the Arena
 22375 | Arena    | HP: 6/135 [Saint Roka/+2 vorpal great sword (2)]
 22382 | Arena    | Killed from afar by Saint Roka

Illustrated notes

Levels and vault maps discovered:
D:1:      ebering_trefoil_twist, layout_basic
D:2:      layout_basic, dreamdust_ecumenical_altar_hidden_monk_grotto,
          basic_altar
D:3:      layout_basic, kiku_gazebo_garden_becter, gup_sewer_entry_glass
D:4:      layout_cave_pools, nicolae_overflow_hidden_temple,
          nicolae_hepliaklqana_hippocampus, temple_fountains, serial_forest,
          infiniplex_forest_straight_5, infiniplex_forest_clump_diagonal,
          infiniplex_forest_corner_1, infiniplex_forest_zigzag_1,
          infiniplex_forest_side_room, infiniplex_forest_lined_4_way,
          infiniplex_forest_clump_cross, infiniplex_forest_lined_1,
          infiniplex_forest_fountain, serial_shops, shop, nicolae_diamond_shop,
          nicolae_inconvenience_store, nicolae_shop_trees,
          nicolae_shop_hallway_stairs, reono_crystal_passage, st_stairs_14,
          uniq_ijyb
D:5:      layout_loops_cross, nicolae_wu_jian_immortal_techniques,
          elyvilon_altar_3, grunt_ministairs_10
D:6:      layout_gridville, kennysheep_diamond, nicolae_shop_self_help
D:7:      layout_gridville, cheibrodos_worm_habitat, okawaru_gym_becter,
          amcnicky_mini_rare_corridor_liquid, uniq_maggie, uniq_duvessa
D:8:      layout_rooms, serial_shops, kennysheep_mini_moat
D:9:      layout_loops_ring, orc_david_3, special_room [special_room_bee],
          chequers_mini_garden, uniq_joseph
D:10:     layout_small_grid, grunt_temple_overflow_order_and_chaos_1,
          minivault_15
D:11:     layout_loops_ring, minmay_lair_entry_grove
D:12:     layout_loops_ring
D:13:     layout_loops_ring, lightli_vaults_fourway_checkpoint
Temple:   hellmonk_temple_flake
Lair:1:   layout_regular_city, serial_bayou_shore_b
Lair:2:   beast_lair_carwin_large_2, layout_cave_pods,
          minmay_shoals_entry_centaurs, serial_bayou_shore_a, lemuel_fruit_tree,
          infiniplex_staircase_pool
Lair:3:   layout_cave_shapes, minmay_snake_entry_guardpost_medium,
          grunt_megastairs_5, serial_bayou_shore_b
Lair:4:   layout_long_grid, hellmonk_guarded_unrand_zhor
Lair:5:   evil_forest, layout_gridlike, minmay_slime_entry_oklob_enclosed,
          minmay_lindwurm_lava
Orc:1:    layout_caves
Orc:2:    st_orc_mages, layout_caves, uniq_donald, uniq_saint_roka
Arena

Skill      XL: |  1  2  3  4  5  6  7  8  9 10 11 12 13 14 |
---------------+-------------------------------------------+-----
Fighting       | 3 4 5 6 7 10 12 14 17 18 20 | 20.1
Polearms       | 5 6 7 8 9 10 12 13 14 | 14.0
Armour         | 1 2 3 |  3.4
Shields        | 1 4 5 6 8 10 12 | 12.5
Throwing       | 3 6 8 |  8.3
Invocations    | 3 |  3.7
Dodging        | |  4.3

Action                   |  1- 3 |  4- 6 |  7- 9 | 10-12 | 13-15 || total
-------------------------+-------+-------+-------+-------+-------++-------
Melee: Trident           |    99 |   206 |   324 |   677 |       ||  1306
       Tailslap          |       |    13 |    10 |       |     1 ||    24
       Punch             |       |     2 |       |       |       ||     2
       Demon trident     |       |       |       |    92 |   815 ||   907
Throw: Stone             |     5 |       |       |       |       ||     5
       Boomerang         |       |       |     5 |     6 |    35 ||    46
       Javelin           |       |       |     2 |     7 |     5 ||    14
       Throwing net      |       |       |       |       |     1 ||     1
Invok: Heroism           |       |       |       |     1 |     5 ||     6
       Duel              |       |       |       |       |     1 ||     1
  Use: Scroll            |       |     5 |     7 |    13 |     6 ||    31
       Potion            |       |       |     2 |    11 |     5 ||    18
 Stab: Invisible         |       |       |       |     5 |       ||     5
       Petrified         |       |       |       |     3 |       ||     3
Armor: Leather armour    |     8 |       |       |       |       ||     8
       Crystal plate arm |    63 |   185 |   214 |   360 |   579 ||  1401
       Skin              |       |       |       |    47 |       ||    47
Dodge: Dodged            |    24 |    19 |    24 |    46 |    91 ||   204
Block: Buckler           |       |       |    72 |   223 |   348 ||   643
